 Dungeon Crawl Stone Soup version 0.15-a0-1936-gbed3715 (console) character file.

157 Riskier the Ruinous (level 5, -4/28 HPs)
             Began as a Deep Elf Ice Elementalist on July 8, 2014.
             Splashed by a jelly's acid (10 damage)
             ... on Level 5 of the Dungeon.
             The game lasted 00:05:24 (770 turns).

Riskier the Ruinous (Deep Elf Ice Elementalist)      Turns: 770, Time: 00:05:24

HP  -4/28        AC  2     Str  5      XL: 5   Next: 15%
MP   5/18        EV 13     Int 21      God:
Gold 86          SH  0     Dex 15      Spells:  3 memorised,  5 levels left

rFire  . . .     SeeInvis .     s - +0 cutlass
rCold  . . .     Clarity  .     a - +0 robe
rNeg   . . .     rCorr    .     (no shield)
rPois  .         rRot     .     (no helmet)
rElec  .         Spirit   .     (no cloak)
SustAb .         Warding  .     (no gloves)
rMut   .         Stasis   .     (no boots)
Gourm  .                        (no amulet)
MR     .....                    (no ring)
                                (no ring)

@: very slightly contaminated, not resistant to hostile enchantments, unstealthy
A: no striking features
a: no special abilities


You were on level 5 of the Dungeon.
You were not hungry.

You visited 1 branch of the dungeon, and saw 5 of its levels.

You collected 86 gold pieces.

Inventory:

Hand weapons
 n - a +0 blowgun
 s - a +0 cutlass (weapon)
Armour
 a - a +0 robe (worn)
 k - a +0 ring mail
Comestibles
 c - a bread ration
 o - a beef jerky
 q - a meat ration
Scrolls
 e - a scroll of teleportation {unknown}
 f - a scroll of enchant armour {unknown}
 g - 3 scrolls of identify {unknown}
 h - 2 scrolls of random uselessness {unknown}
 l - a scroll of fog {unknown}
 p - a scroll of noise {unknown}
 t - a scroll of blinking {unknown}
Potions
 d - a potion of flight {unknown}
 i - a potion of cure mutation {unknown}
 j - a potion of berserk rage {unknown}
 m - a potion of magic {unknown}
 r - a potion of brilliance {unknown}
Books
 b - a book of Frost

   Spells                             Type                      Level
   *Freeze                            Ice                          1
   *Throw Frost                       Conjuration/Ice              2
   Ozocubu's Armour                   Charms/Ice                   3
   *Throw Icicle                      Conjuration/Ice              4
   Summon Ice Beast                   Ice/Summoning                4
   Condensation Shield                Ice                          4


   Skills:
 - Level 2.4 Dodging
 - Level 2.4 Stealth
 - Level 4.1 Spellcasting
 + Level 4.3 Conjurations
 + Level 4.1 Ice Magic


You had 5 spell levels left.
You knew the following spells:

 Your Spells              Type           Power        Failure   Level  Hunger
a - Freeze                Ice            ###.         1%          1    None
b - Throw Frost           Conj/Ice       ###...       3%          2    #......
c - Throw Icicle          Conj/Ice       ###.....     24%         4    ####...


Dungeon Overview and Level Annotations

Branches:
Dungeon (5/15)
 Temple: D:4-7

Altars:
Okawaru

Shops:
D:4 (


Message History

Casting: Freeze
Confirm with . or Enter, or press ? or * to list all spells.
Aiming: Freeze
Press: ? - help, Shift-Dir - straight line, f/p - jelly
Aim: a jelly (heavily wounded)
You freeze the jelly.
The jelly is severely wounded.
The adder closely misses you. The adder barely misses you.
The jelly hits you but does no damage.
Casting: Freeze
Confirm with . or Enter, or press ? or * to list all spells.
Aiming: Freeze
Press: ? - help, Shift-Dir - straight line, f/p - jelly
Aim: a jelly (severely wounded)
You freeze the jelly.
The jelly is almost dead.
The adder misses you. The jelly hits you.
* * * LOW HITPOINT WARNING * * *
You are splashed with acid!
The acid burns!
You die...

##.....# ##........
#......... #.......>.
#..........
###.<........ .
#......[.....
.....#####h##........
...>..?S@JJ....?...#[
..(......###########
.."..#### .... ..? #


You could see an ooze, a jelly, an adder and a jackal.

Vanquished Creatures
  2 hounds (D:4)
  A worker ant (D:5)
  A hound skeleton (D:4)
  2 adders (D:3)
  A worm (D:4)
  3 giant geckos
  2 orcs
  3 bats
  5 giant cockroaches
  2 hobgoblins
  A giant newt (D:3)
  3 goblins
  A jackal (D:5)
  4 kobolds
  5 rats
36 creatures vanquished.

Notes
Turn   | Place    | Note
--------------------------------------------------------------
     0 | D:1      | Riskier, the Deep Elf Ice Elementalist, began the quest for the Orb.
     0 | D:1      | Reached XP level 1. HP: 10/10 MP: 5/5
    76 | D:3      | Found an iron altar of Okawaru.
    84 | D:3      | Reached skill level 4 in Spellcasting
    84 | D:3      | Reached XP level 2. HP: 7/15 MP: 3/9
    90 | D:3      | Learned a level 2 spell: Throw Frost
   175 | D:3      | Reached XP level 3. HP: 13/19 MP: 0/12
   486 | D:4      | Reached XP level 4. HP: 22/24 MP: 6/15
   492 | D:4      | Learned a level 4 spell: Throw Icicle
   693 | D:4      | Found Shaarr's Weapon Shop.
   755 | D:5      | Entered Level 5 of the Dungeon
   767 | D:5      | Reached XP level 5. HP: 10/28 MP: 7/18
   770 | D:5      | Splashed by a jelly's acid

Action                   |  1- 3 |  4- 6 || total
-------------------------+-------+-------++-------
Melee: Short sword       |    30 |    20 ||    50
       Cutlass           |       |    13 ||    13
 Cast: Freeze            |    22 |    22 ||    44
       Throw Frost       |     2 |       ||     2
       Throw Icicle      |       |     4 ||     4
 Stab: Sleeping          |       |     1 ||     1
